 Dungeon Crawl Stone Soup version 0.16-a0-1167-g3157814 (webtiles) character file.

256 M4edhros the Charlatan (level 6, -7/42 HPs)
             Began as an Octopode Artificer on Oct 9, 2014.
             Killed by divine providence
             ... invoked by an orc priest
              (10 damage)
             ... on level 5 of the Dungeon.
             The game lasted 00:04:14 (1659 turns).

M4edhros the Charlatan (Octopode Artificer)         Turns: 1659, Time: 00:04:14

Health: -7/42      AC:  1    Str: 10      XL:     6   Next: 16%
Magic:  10/10      EV: 13    Int: 14 (15) God:
Gold:   24         SH:  0    Dex: 10 (12) Spells: 0 memorised, 5 levels left

rFire  . . .     SeeInvis .     i - +1 dagger (venom)
rCold  . . .     Clarity  .     (no shield)
rNeg   . . .     SustAb   .     (helmet restricted)
rPois  .         Gourm    .     (no amulet)
rElec  .         Spirit   .     (no ring)
rCorr  .         Warding  .     (no ring)
rMut   .         Stasis   .     (no ring)
MR     .....                    (no ring)
Stlth  ++++......               (no ring)
                                (no ring)
                                (no ring)
                                (no ring)

@: slowed, very slow, not resistant to hostile enchantments, stealthy
A: almost no armour, amphibious, 8 rings, constrict 8, camouflage 1,
deterioration 2, dopey 1, gelatinous body 1, evolution 1
a: no special abilities


You were on level 5 of the Dungeon.
You were near starving.

You visited 1 branch of the dungeon, and saw 5 of its levels.

You collected 56 gold pieces.
You spent 32 gold pieces at shops.

Inventory:

Hand weapons
 a - a +0 short sword
 i - a +1 dagger of venom (weapon)
Missiles
 m - 28 sling bullets
 o - 9 exploding sling bullets
Magical devices
 b - a wand of flame (14)
 c - a wand of enslavement (12)
 d - a wand of random effects (13)
 q - a wand of flame (25)
Comestibles
 f - a bread ration
 g - 4 fruits
Scrolls
 e - 3 scrolls of enchant weapon {unknown}
 h - 2 scrolls of recharging {unknown}
 k - 3 scrolls of identify {unknown}
 l - a scroll of magic mapping {unknown}
 n - a scroll of immolation {unknown}
 p - a scroll of remove curse {unknown}
 r - a scroll of fear {unknown}
Jewellery
 j - an uncursed ring of fire {unknown}


   Skills:
 + Level 3.1 Fighting
 - Level 1.0 Short Blades
 + Level 3.4 Dodging
 + Level 4.5 Stealth
 + Level 4.7 Evocations


You had 5 spell levels left.
You didn't know any spells.

Dungeon Overview and Level Annotations

Branches:
Dungeon (5/15)
 Temple: D:4-7

Altars:

Shops:
D:4 !


Innate Abilities, Weirdness & Mutations

You cannot wear most types of armour.
You are amphibious.
You can wear up to eight rings at the same time.
You can use your tentacles to constrict many enemies at once.
Your skin changes colour to match your surroundings (Stealth).
Your rubbery body absorbs attacks (AC +1).
Your body is deteriorating.
You are dopey. (Int -2)
You evolve.


Message History

Aim: an orc wizard, wielding a dagger and wearing a robe (constricted by you)
The orc wizard is charmed.
You release your grip on your orc wizard.
This wand has 13 charges left.
The orc barely misses you.
Your orc wizard casts a spell.
Your orc wizard seems to speed up.
You aren't carrying any potions.
Read which item? (? for menu, Esc to quit)
Okay, then.
Evoke which item? (* to show all) (? for menu, Esc to quit)
Zapping:
c - a wand of enslavement (13)
Press: ? - help, Shift-Dir - straight line, f - orc, p - orc wizard
Aim: an orc, wielding a short sword The orc is charmed.
This wand has 12 charges left.
The orc priest invokes the aid of Beogh against you.
Something smites you!
* * * LOW HITPOINT WARNING * * *
The orc priest invokes the aid of Beogh against you.
Something smites you!
You die... #.....≈#≈≈ ≈# ##.....≈#≈###≈# # #......≈#≈≈≈≈≈#≈.+ #......≈≈≈o≈o≈≈≈.# ##.....##...#....# # #......###'## ..o# ..#......##.o)# oo#

.............o.#
.+
.............@.# #
...............+
...######'##+###
##....>##...##
#............#
#............#...
#............+....
#............#....
+............#....
.


You could see an orc priest, a friendly orc wizard and a friendly orc.

Vanquished Creatures
  A sky beast (D:5)
  A scorpion (D:5)
  A worker ant (D:4)
  2 gnolls (D:4)
  3 worms (D:2)
  2 giant geckos
  4 orcs
  5 bats
  A bat skeleton (D:4)
  3 giant cockroaches
  3 hobgoblins
  3 jackals (D:2)
  5 kobolds
  2 quokkas (D:5)
  A ball python (D:4)
  2 goblins (D:3)
  5 rats
44 creatures vanquished.

Vanquished Creatures (collateral kills)
  A gnoll (D:4)
1 creature vanquished.

Grand Total: 45 creatures vanquished

Notes
Turn   | Place    | Note
--------------------------------------------------------------
     0 | D:1      | M4edhros, the Octopode Artificer, began the quest for the Orb.
     0 | D:1      | Reached XP level 1. HP: 13/13 MP: 1/1
   388 | D:1      | Reached XP level 2. HP: 16/18 MP: 3/3
   463 | D:2      | Reached XP level 3. HP: 11/24 MP: 4/4
  1078 | D:4      | Reached skill level 4 in Evocations
  1105 | D:4      | Reached XP level 4. HP: 24/29 MP: 6/6
  1244 | D:4      | Found Boant's Distillery.
  1247 | D:4      | Bought a potion of mutation for 32 gold pieces
  1248 | D:4      | Gained mutation: Your body is slowly deteriorating. [potion of mutation]
  1248 | D:4      | Gained mutation: Your body is deteriorating. [potion of mutation]
  1248 | D:4      | Gained mutation: You are dopey. (Int -2) [potion of mutation]
  1317 | D:5      | Entered Level 5 of the Dungeon
  1399 | D:5      | Reached XP level 5. HP: 24/35 MP: 8/8
  1510 | D:5      | Noticed a sky beast
  1520 | D:5      | Killed a sky beast
  1520 | D:5      | Reached XP level 6. HP: 14/42 MP: 10/10
  1528 | D:5      | Gained mutation: You evolve. [mutagenic meat]
  1659 | D:5      | Killed from afar by an orc priest

Action                   |  1- 3 |  4- 6 || total
-------------------------+-------+-------++-------
Melee: Short sword       |     8 |       ||     8
       Dagger            |    67 |    28 ||    95
Evoke: Wand              |       |     6 ||     6
  Use: Potion            |     1 |     3 ||     4
 Stab: Sleeping          |     5 |     4 ||     9
       Paralysed         |       |     1 ||     1
       Confused          |       |     1 ||     1
  Eat: Chunk             |       |     2 ||     2
